 Dungeon Crawl Stone Soup version 0.14-a0-181-gf6fe0c6 (webtiles) character file.

57 4tharraofdagon the Sneak (level 2, 0/13 HPs)
             Began as a Spriggan Enchanter on Oct 8, 2013.
             Slain by a hound (2 damage)
             ... on Level 7 of the Dungeon.
             The game lasted 00:01:57 (575 turns).

4tharraofdagon the Sneak (Spriggan Enchanter)        Turns: 575, Time: 00:01:58

HP   0/13        AC  3     Str  4      XL: 2   Next: 13%
MP   1/6         EV 18     Int 16      God:
Gold 46          SH  0     Dex 16      Spells:  2 memorised,  0 levels left

Res.Fire  : . . .   See Invis. : +   a - +1 dagger (curse)
Res.Cold  : . . .   Warding    : .   b - +1 robe
Life Prot.: . . .   Conserve   : .   (shield restricted)
Res.Poison: .       Res.Corr.  : .   (helmet restricted)
Res.Elec. : .       Clarity    : .   (no cloak)
Sust.Abil.: . .     Spirit.Shd : .   (gloves unavailable)
Res.Mut.  : .       Stasis     : .   (boots unavailable)
Res.Rott. : .       Flight     : .   (no amulet)
Saprovore : . . .                    (no ring)
                                     (no ring)

@: about to teleport, very slightly contaminated, very quick, slightly resistant
to hostile enchantments, quite stealthy
A: unfitting armour, see invisible, herbivore 3, speed 3, slow metabolism 2
a: no special abilities


You were on level 7 of the Dungeon.
You were not hungry.

You visited 1 branch of the dungeon, and saw 7 of its levels.

You collected 26 gold pieces.

Inventory:

Hand weapons
 a - a cursed +1,+1 dagger (weapon)
Missiles
 d - 12 darts (quivered)
 g - 3 curare-tipped needles
 h - 8 steel tomahawks
Armour
 b - a +1 robe (worn)
Comestibles
 i - a slice of pizza
 j - a bread ration
Scrolls
 f - 3 scrolls of identify {unknown}
 o - 2 scrolls of random uselessness {unknown}
Jewellery
 k - an uncursed amulet of resist corrosion {unknown}
Potions
 e - a potion of porridge
Books
 c - a book of Maledictions

   Spells                             Type                      Level
   *Corona                            Hexes                        1
   Sure Blade                         Hexes/Charms                 2
   *Ensorcelled Hibernation           Hexes/Ice                    2
   Confuse                            Hexes                        3
   Enslavement                        Hexes                        4
   Invisibility                       Hexes                        6


   Skills:
 - Level 1.1 Short Blades
 - Level 1.1 Throwing
 - Level 3.0 Dodging
 + Level 4.4 Stealth
 - Level 1.3 Spellcasting
 - Level 3.6 Hexes


You couldn't memorise any spells.
You knew the following spells:

 Your Spells              Type           Power        Failure   Level  Hunger
a - Corona                Hex            ##.....      8%          1    ##.....
b - Ensorcelled Hibernat  Hex/Ice        #.....       17%         2    ###....


Dungeon Overview and Level Annotations

Branches:
Dungeon (7/27)
 Temple: D:4-7          Orc: D:6-11

Altars:
Fedhas
Makhleb

Annotations:
D:4 Pikel


Innate Abilities, Weirdness & Mutations

You are tiny and cannot use many weapons and most armour.
You have supernaturally acute eyesight.
You are a herbivore.
You cover ground extremely quickly.
You need consume almost no food.


Message History

An orc comes into view. It is wielding an orcish hand axe.
The orc shouts!
An orc comes into view. It is wielding an orcish club.
The orc shouts!
You hear a shout!
You hear a shout!
You hear a shout!
An orc warrior comes into view. It is wielding an orcish hand axe.
Unknown command.
Drink which item? (? for menu, Esc to quit)
Okay, then.
Read which item? (? for menu, Esc to quit)
As you read the scroll labeled KETYSTR LEQIPT, it crumbles to dust.
Nothing appears to happen.
The adder barely misses you.
The crimson imp blinks!
The crimson imp barely misses you.
The orc moves out of view.
The orc priest glows brightly for a moment.
The hound barely misses you.
Read which item? (? for menu, Esc to quit)
As you read the scroll labeled PALEWN IHAIGIA, it crumbles to dust.
Your +1,+1 dagger glows black for a moment.
It was a scroll of curse weapon.
The adder closely misses you. The hound bites you.
You die...

. #.# #.#
#Z# #.#
#.# ## #.#
#.oo###S#
#o8oo5@.#
#oo.###h#
+# ##b###
#.I!.#
#....#
#g.......
##....####
#....#
.....#


You could see an orc warrior, a sky beast, a hound, an orc priest, a crimson
imp, an adder, 5 orcs, a centaur zombie and a bat.

Vanquished Creatures
  2 ball pythons
  A giant cockroach (D:5)
  A bat (D:5)
  A giant newt (D:2)
  A goblin (D:1)
  3 kobolds
  2 rats (D:1)
11 creatures vanquished.

Notes
Turn   | Place    | Note
--------------------------------------------------------------
     0 | D:1      | 4tharraofdagon, the Spriggan Enchanter, began the quest for the Orb.
     0 | D:1      | Reached XP level 1. HP: 9/9 MP: 4/4
   251 | D:2      | Reached skill level 4 in Stealth
   282 | D:2      | Found a blossoming altar of Fedhas.
   420 | D:4      | Noticed a slave
   421 | D:4      | Noticed a slave
   423 | D:4      | Noticed Pikel
   430 | D:4      | Noticed a worker ant
   441 | D:4      | Noticed a slave
   442 | D:4      | Noticed a slave
   481 | D:5      | Entered Level 5 of the Dungeon
   518 | D:5      | Reached XP level 2. HP: 10/13 MP: 6/6
   522 | D:5      | Learned a level 2 spell: Ensorcelled Hibernation
   541 | D:6      | Noticed a sky beast
   541 | D:6      | Noticed an ice beast
   566 | D:6      | Found a burning altar of Makhleb.
   569 | D:7      | Noticed a sky beast
   574 | D:7      | Noticed an orc warrior
   575 | D:7      | Slain by a hound

Action                   || total
-------------------------++-------
Melee: Dagger            ||    35
 Cast: Corona            ||     3
       Ensorcelled Hiber ||     1
  Use: Scroll            ||     3
       Potion            ||     1
 Stab: Sleeping          ||     3
